 Dungeon Crawl Stone Soup version 0.28.0 (webtiles) character file.

Game seed: 11470623223742585726

137 RighteousDevil the Sneak (level 5, -1/50 HPs)
             Began as a Deep Dwarf Delver on Feb 15, 2022.
             Slain by Duvessa (12 damage)
             ... on level 4 of the Dungeon.
             The game lasted 00:05:26 (1080 turns).

RighteousDevil the Sneak (Deep Dwarf Delver)        Turns: 1080, Time: 00:05:28

Health: -1/50      AC:  6    Str: 18    XL:     5   Next: 0%
Magic:  3/3        EV: 10    Int: 10    God:
Gold:   50         SH:  0    Dex: 14    Spells: 4/4 levels left

rFire   . . .      SeeInvis .   a - +0 hand axe
rCold   . . .      Faith    .   (no shield)
rNeg    . . .      Spirit   .   j - +0 scale mail
rPois   .          Reflect  .   (no helmet)
rElec   .          Harm     .   (no cloak)
rCorr   .          Rampage  .   (no gloves)
Will    .....                   (no boots)
Stlth   +.........              (no amulet)
HPRegen 0.00/turn               (no ring)
MPRegen 0.08/turn               (no ring)

@: lit by a corona, glowing
A: damage resistance, heal wounds, sense surroundings 1, no regeneration
a: Heal Wounds


You were on level 4 of the Dungeon.
You visited 2 branches of the dungeon, and saw 3 of its levels.
You also visited: Sewer.

You collected 50 gold pieces.

Inventory:

Hand Weapons
 a - a +0 hand axe (weapon)
Armour
 b - a +0 leather armour
 j - a +0 scale mail (worn)
Wands
 g - a wand of digging (3)
Scrolls
 c - 2 scrolls of fog
 d - 2 scrolls of magic mapping
 e - 2 scrolls of fear
 h - a scroll of vulnerability
 i - a scroll of identify
 l - a scroll of summoning
 m - a scroll of teleportation
Potions
 f - 4 potions of flight
 k - a potion of resistance


   Skills:
 + Level 3.7 Fighting
 + Level 3.6 Axes
 + Level 2.6 Armour
 - Level 2.2 Dodging
 - Level 6.0 Stealth


You had 4 spell levels left.
You didn't know any spells.
Your spell library contained the following spells:

 Spells                   Type           Power      Damage    Failure   Level
 Sandblast                Erth           0%         2d4       77%         1
 Passwall                 Tmut/Erth      0%         N/A       88%         2
 Stone Arrow              Conj/Erth      0%         3d7       98%         3


Dungeon Overview and Level Annotations

Branches:
Dungeon (5/15)             Temple (1/1) D:4           Sewer (visited)

Altars:
Cheibriados
Gozag
Hepliaklqana
Kikubaaqudgha
Okawaru
Uskayaw
Vehumet
Wu Jian
The Shining One

Shops:
D:4 =

Annotations:
D:4 Duvessa


Innate Abilities, Weirdness & Mutations

You are resistant to damage.
You can heal yourself by infusing magical energy.
You passively map a small area around you.
You do not regenerate.


Message History

Duvessa is lightly wounded.
You hit Dowan. Duvessa hits you with a +0 rapier.
Dowan hits you but does no damage.
You completely miss Duvessa.
Duvessa is lightly wounded.
You hit Dowan. Duvessa hits you with a +0 rapier! Dowan closely misses you.
Duvessa misses you.
You hit Duvessa.
Duvessa is lightly wounded.
You hit Dowan. Dowan hits you but does no damage.
Duvessa hits you with a +0 rapier. Dowan misses you.
You feel much better. Duvessa closely misses you.
Dowan hits you but does no damage.
You completely miss Dowan.
Dowan is heavily wounded.
You closely miss Duvessa. Duvessa hits you with a +0 rapier.
Dowan gestures wildly while chanting.
Dowan blinks!
You barely miss Duvessa.
Duvessa is lightly wounded.
Duvessa hits you with a +0 rapier!
You hit Duvessa but do no damage.
Duvessa is lightly wounded.
Duvessa closely misses you.
You barely miss Duvessa.
Duvessa is lightly wounded.
Duvessa hits you with a +0 rapier.
Dowan says, "My weaknesses are her strengths!"
Dowan hits you with a +0 dagger.
You hit Dowan.
Dowan is severely wounded.
You hit Duvessa. Duvessa hits you with a +0 rapier.
Dowan hits you but does no damage.
You slash Dowan!
You kill Dowan!
Duvessa screams in rage.
Duvessa goes berserk!
You hit Duvessa. Duvessa hits you with a +0 rapier!
* * * LOW HITPOINT WARNING * * *
Duvessa hits you with a +0 rapier!
You die...

.######.# #.####.#
........#####......#
........#...#.######
.###....#.#.#....#
.# #.#........##.#
.# #.#.###.#####.#
.# #.#.# #.# #.#
#.##.#.###.# #)#
##...#.##..# #@#
#.##.#.#.#.# #e#
.###.#.##.## #.#
..........# #.#
##'##..##.# #.#
≈÷÷÷#)###.# #.#
≈.≈≈#.# ...* #.#
≈≈≈≈#.. .... ,..#
≈≈≈≈#.##...## *###


You could see Duvessa (berserk).

Vanquished Creatures
  Dowan (D:4)
  4 adders
  6 river rats (Sewer)
  An adder skeleton (D:4)
  2 worms
  8 bats (Sewer)
  An endoplasm (Sewer)
  3 giant cockroaches (D:4)
  A hobgoblin (D:4)
  5 jackals (Sewer)
  2 quokkas
  7 ball pythons
  2 frilled lizards (Sewer)
  A jackal skeleton (D:4)
  3 rats (D:4)
47 creatures vanquished.

Notes
Turn   | Place    | Note
-------+----------+-------------------------------------------
     0 | D:5      | RighteousDevil the Deep Dwarf Delver began the quest for
                  | the Orb.
     0 | D:5      | Reached XP level 1. HP: 20/20 MP: 1/1
    10 | D:4      | Found Syiddepa's Jewellery Shoppe.
    43 | D:4      | Found a staircase to the Ecumenical Temple.
    55 | Temple   | Entered the Ecumenical Temple
   217 | D:4      | Found a glowing drain.
   234 | D:4      | Reached XP level 2. HP: 14/27 MP: 2/2
   279 | Sewer    | Entered a sewer
   296 | Sewer    | Reached skill level 1 in Armour
   352 | Sewer    | Reached XP level 3. HP: 26/34 MP: 3/3
   539 | Sewer    | Reached XP level 4. HP: 8/42 MP: 4/4
   990 | D:4      | Reached XP level 5. HP: 50/50 MP: 3/3
  1053 | D:4      | Noticed Duvessa
  1054 | D:4      | Noticed Dowan
  1080 | D:4      | Killed Dowan
  1080 | D:4      | Slain by Duvessa

Illustrated notes

Levels and vault maps discovered:
D:4:      layout_loops_ring, minmay_temple_entry_glass, portal_sewer_entry_c,
          serial_shops, nicolae_square_shop, minmay_ogre_servants, uniq_duvessa
D:5:      layout_gridville, serial_shops, shop, minmay_manual_monstrance
Temple:   jpeg_temple_island

Skill      XL: |  1  2  3 |
---------------+----------+-----
Fighting       | 3 |  3.7
Armour         | 1 2 |  2.6
Axes           | 3 |  3.6
Dodging        | |  2.2
Stealth        | |  6.0

Action                   |  1- 3 |  4- 6 || total
-------------------------+-------+-------++-------
Melee: Hand axe          |   118 |   104 ||   222
       Punch             |       |     1 ||     1
 Abil: Heal Wounds       |     1 |     6 ||     7
  Use: Scroll            |     4 |       ||     4
       Potion            |     2 |     2 ||     4
 Stab: Sleeping          |     5 |       ||     5
Armor: Scale mail        |    67 |    55 ||   122
       Leather armour    |     1 |       ||     1
Dodge: Dodged            |    90 |    75 ||   165
